nht, lawful female elven Wizard ........... .......................... #..... ....#..................... ...# ........................... ... ...#........................ ----------- -...#..#..#..#............................. |....((...|----|....#.....#............................... |.........|....|-............................^............ |.........-....||......................................... ----+--.........|....|--............%........................... |...............|--+---|........................................ ---+---+|--------|@/|.-...........#......#...................... |..| |...|---.||..##..#.....#..........#................ |..| ---.|.|....|-............ ....#..#................... |..|.....|.|.----..#..#.. .#...........}}}.......... |..-----.|.....|-...#.#.# .......#....}}}}}}........ |........|------... # .#. ##.#......}}}}}}}}}}}..... ---------- ...# ..# ### #.......}}}}}}}}...... .... #....... .......}}}}}}}}}...... .... ......... .........}}}}}........ ..... ............ ....................... nht the Thaumaturge Experience level: 9 Strength: 16 Dexterity: 13 Constitution: 15 Intelligence: 18 Wisdom: 14 Charisma: 9 Health: 0(67) Energy: 87(107) Def: 2 Gold: 0 Moves: 7035 Dungeon seed: Rknk6DAeoCO-LgGp Game ID: nht_1430201935 Your Inventory: Armor w - an uncursed +0 pair of jumping boots (being worn) Y - an uncursed +0 pair of leather gloves (being worn) Scrolls o - 2 uncursed scrolls of enchant armor Potions G - an uncursed potion of full healing H - 4 uncursed potions of water J - an uncursed diluted potion of monster detection S - an uncursed potion of speed Z - an uncursed potion of sleeping Rings g - a blessed ring of polymorph control (on left hand) l - an uncursed ring of stealth N - an uncursed ring of poison resistance (on right hand) Wands a - a wand of enlightenment (0:11) c - a wand of teleportation (0:4) d - a wand of light (0:15) j - a wand of opening (0:7) m - a wand of teleportation (0:4) s - a wand of light (0:11) u - a wand of undead turning (0:2) C - a wand of magic missile (0:6) D - a wand of lightning (0:2) F - a wand of secret door detection (0:5) K - a wand of digging (0:5) L - a wand of sleep (0:3) O - a wand of slow monster (0:6) T - a blessed wand of polymorph (0:4) U - a wand of teleportation (0:2) V - a wand of teleportation (0:6) Spells known in the end: Name Level Category Fail Memory a - force bolt 1 attack 0% 65% b - magic missile 2 attack 0% 65% c - sleep 1 enchantment 0% 65% d - detect monsters 1 divination 0% 66% e - healing 1 healing 0% 67% f - jumping 1 escape 0% 71% g - knock 1 matter 0% 71% Your skills at the end: Fighting Skills Weapon Skills dagger [Basic] quarterstaff [Basic] Spellcasting Skills attack spells [Basic] healing spells [Basic] divination spells [Basic] enchantment spells [Basic] Final Attributes: You had strayed. You were sleep resistant. You were poison resistant. You had woundedlegs. You saw invisible. You were telepathic. You had infravision. You were invisible to others. You could jump. You had teleport control. You had polymorph control. You were fast. You were lucky. You are dead. Vanquished creatures: Neferet the Green a storm giant a gray dragon a black dragon 2 green dragons 2 demiliches 2 guardian nagas 2 vampire lords a lich a golden naga 5 black puddings a ghost a lieutenant 2 giant mimics 3 ice trolls 3 rock trolls 2 stalkers a fire elemental 3 xorns a water demon a winter wolf 6 small mimics an ogre lord a quantum mechanic a troll 2 gelatinous cubes a flaming sphere a gargoyle a tengu an ochre jelly a mountain centaur an elf mummy 3 wraiths a carnivorous ape 2 ettin zombies a leather golem 12 soldiers an incubus a giant beetle 2 wolves 2 winter wolf cubs 2 lynxes a panther a spotted jelly a giant spider 4 vampire bats 2 gnome kings an orc mummy a dwarf mummy a brown pudding 3 rust monsters an owlbear a werewolf 2 lizards 5 apprentices a chickatrice a jaguar a white unicorn a plains centaur a gnome mummy a snake 2 apes 2 soldier ants 5 bugbears 4 wood nymphs 6 Mordor orcs 12 Uruk-hai 2 orc shamans 8 rock piercers a rock mole 3 yellow lights a shrieker 5 gnome lords 3 gnomish wizards a barrow wight 3 elf zombies a straw golem 3 paper golems 3 giant ants a little dog 4 floating eyes 6 dwarves a homunculus 2 kobold lords 2 kobold shamans 9 rothes a rabid rat 2 centipedes a giant bat 6 monkeys 2 orc zombies 2 dwarf zombies a wererat 3 werejackals 2 iguanas an acid blob 2 gas spores a hobbit 3 hobgoblins a giant rat a cave spider 3 brown molds 6 yellow molds 21 gnomes 2 garter snakes a gnome zombie 4 geckos 12 jackals 2 foxen 5 kobolds 5 goblins 13 sewer rats 10 grid bugs 3 bats 11 lichens 2 kobold zombies 12 newts 342 creatures vanquished. Voluntary challenges: You used a wielded weapon 674 times, starting on turn 156. You read items or engraved 90 times, starting on turn 1. You never genocided any monsters. You never polymorphed an object. You changed form 2 times, starting on turn 6530. You completed Sokoban on turn 3659, according to the rules. You used 5 wishes, starting on turn 5604. You wished for your your first artifact on turn 6938. You split 4 puddings, starting on turn 6069. You wrote Elbereth's name 51 times, starting on turn 356. You violated your moral code, losing 95 points of alignment, starting on turn 1082. Dungeon overview: The Dungeons of Doom: levels 1 to 27 Level 1 a fountain a long staircase Level 2 (books) a potion shop, an altar to Anhur , a fountain stairs to The Gnomish Mines Level 3 Level 4 Level 5 Level 6 stairs to Sokoban Level 7 a fountain, a sink Level 8 Level 9 Level 10 Level 11 a temple to Anhur , a sink Level 12 (quest) a general store, an altar to Ptah portal to The Quest Level 13 Level 14 a general store Level 15 (shop top left) a general store Level 16 Level 17 Level 18 Level 19 Level 20 a temple to Anhur , a sink Level 21 an altar to Ptah Level 22 (wraiths) Level 23 a throne Level 24 Level 25 Level 26 Level 27 a fountain Gehennom: Level 28 stairs to The Dungeons of Doom The Gnomish Mines: levels 3 to 5 Level 3 stairs to The Dungeons of Doom Level 4 Level 5 many shops, a temple to Ptah , some fountains, a sink The Quest: Level 1 <- You were here a throne portal to The Dungeons of Doom Sokoban: levels 2 to 5 Level 2 Level 3 Level 4 Level 5 stairs to The Dungeons of Doom History has recorded: On T:1 you entered the Dungeons of Doom to retrieve the Amulet of Yendor! On T:13 you reached level 2 of The Dungeons of Doom. On T:198 you reached level 3 of The Dungeons of Doom. On T:362 you advanced to experience level 2. On T:371 you reached level 1 of The Gnomish Mines. On T:391 you advanced to experience level 3. On T:405 you reached level 2 of The Gnomish Mines. On T:423 you advanced to experience level 4. On T:461 you reached level 3 of The Gnomish Mines. On T:491 you advanced to experience level 5. On T:588 you advanced to experience level 6. On T:1166 you received Magicbane from Anhur. On T:1245 you advanced to experience level 7. On T:1255 you reached level 4 of The Dungeons of Doom. On T:1325 you reached level 5 of The Dungeons of Doom. On T:1349 you reached level 6 of The Dungeons of Doom. On T:1382 you reached level 4 of Sokoban. On T:1646 you reached level 3 of Sokoban. On T:2220 you reached level 2 of Sokoban. On T:2906 you reached level 1 of Sokoban. On T:3659 you entered the Sokoban zoo. On T:3875 you reached level 7 of The Dungeons of Doom. On T:4004 you reached level 8 of The Dungeons of Doom. On T:4122 you reached level 9 of The Dungeons of Doom. On T:4205 you reached level 10 of The Dungeons of Doom. On T:4217 you advanced to experience level 8. On T:4236 you reached level 11 of The Dungeons of Doom. On T:4828 you advanced to experience level 9. On T:4965 you reached level 12 of The Dungeons of Doom. On T:5065 you reached level 13 of The Dungeons of Doom. On T:5327 you reached level 14 of The Dungeons of Doom. On T:5346 you reached level 15 of The Dungeons of Doom. On T:5495 you reached level 16 of The Dungeons of Doom. On T:5600 you reached level 17 of The Dungeons of Doom. On T:5604 you wished for "blessed fixed +3 silver dragon scale mail". On T:5639 you reached level 18 of The Dungeons of Doom. On T:5736 you reached level 19 of The Dungeons of Doom. On T:5918 you reached level 20 of The Dungeons of Doom. On T:6074 you advanced to experience level 10. On T:6095 you reached level 21 of The Dungeons of Doom. On T:6208 you reached level 22 of The Dungeons of Doom. On T:6234 you reached level 23 of The Dungeons of Doom. On T:6303 you reached level 24 of The Dungeons of Doom. On T:6376 you reached level 25 of The Dungeons of Doom. On T:6379 you reached level 26 of The Dungeons of Doom. On T:6399 you reached The Castle. On T:6524 you wished for "4 blessed scrolls of charging". On T:6525 you wished for "blessed wand of polymorph". On T:6526 you wished for "blessed ring of polymorph control". On T:6553 you advanced to experience level 11. On T:6682 you reached The Valley of the Dead. On T:6766 you advanced to experience level 11. On T:6859 you reached level 1 of The Quest. On T:6933 you killed Neferet the Green on level 1 of The Quest. On T:6938 you wished for "blessed fixed the master key of thievery". Score breakdown: Gold: 0 ( 0 points) Experience: 9 levels (15756 points) Exploration: 28 levels ( 54.90%) (22045 points) Discoveries: 68 items ( 24.64%) (14890 points) Valuables value: (no points given unless you survive) Artifact value: 0 ( 0 points) Variety of kills: 117 monsters ( 30.87%) (16668 points) Time penalty: 7035 turns (-1859 points) Survival: died (score multiplied by 80%) Total score: 54000 Latest messages: u - a wand of undead turning (0:2). s - a wand of light (0:11). m - an uncursed wand of teleportation. j - a wand of opening (0:7). d - an uncursed wand of light. c - an uncursed wand of teleportation. a - an uncursed wand of enlightenment. l - an uncursed ring of stealth. Z - a potion of sleeping. S - a potion of speed. J - an uncursed diluted potion of monster detection. H - 4 uncursed potions of water. G - an uncursed dark green potion. o - 2 uncursed scrolls of enchant armor. There is a staircase down here. There are many more objects here. You drop a wand of opening (0:7). You drop an uncursed wand of teleportation. You drop a wand of light (0:11). You drop a wand of undead turning (0:2). You drop a wand of magic missile (0:6). You drop an uncursed wand of lightning. Thump! Ouch! That hurts! You die... Final status: Goodbye nht the Wizard, killed by kicking a wand of wishing... You died in The Quest on dungeon level 1 with 54000 points, and 0 pieces of gold, after 7035 moves. You were level 9 with a maximum of 67 hit points when you died.